 Dungeon Crawl Stone Soup version 0.29-a0-323-g050149af67 (webtiles) character file.

Game seed: 4286402558857886158

105 KateM the Shield-Bearer (level 4, 0/29 HPs)
             Began as a Gargoyle Fighter on Apr 12, 2022.
             Killed from afar by an orc wizard (7 damage)
             ... with a magic dart
             ... on level 3 of the Dungeon.
             The game lasted 00:03:23 (2168 turns).

KateM the Shield-Bearer (Gargoyle Fighter)          Turns: 2168, Time: 00:03:25

Health: 0/29       AC: 10    Str: 22    XL:     4   Next: 83%
Magic:  13/13      EV:  6    Int:  8    God:
Gold:   112        SH:  0    Dex:  9    Spells: 3/3 levels left

rFire   . . .      SeeInvis .   a - +0 flail
rCold   . . .      Faith    .   c - +0 buckler
rNeg    + . .      Spirit   .   b - +0 scale mail
rPois   ∞          Reflect  .   (no helmet)
rElec   +          Harm     .   (no cloak)
rCorr   .          Rampage  .   (no gloves)
Will    .....                   (no boots)
Stlth   ..........              (no amulet)
HPRegen 0.09/turn               n - ring of magical power
MPRegen 0.13/turn               (no ring)

@: confused, constricted
A: sickness immunity, AC +3, negative energy resistance 1, electricity
resistance, torment resistance 1, petrification resistance
a: no special abilities


You were on level 3 of the Dungeon.
You visited 1 branch of the dungeon, and saw 3 of its levels.

You collected 112 gold pieces.

Inventory:

Hand Weapons
 a - a +0 flail (weapon)
Armour
 b - a +0 scale mail (worn)
 c - a +0 buckler (worn)
Jewellery
 n - a ring of magical power (left hand)
Wands
 s - a wand of digging (3)
Scrolls
 e - a scroll of holy word {unknown}
 f - 2 scrolls of teleportation {unknown}
 h - 3 scrolls of brand weapon {unknown}
 i - 3 scrolls of identify {unknown}
 k - 2 scrolls of blinking {unknown}
 l - a scroll of magic mapping {unknown}
 o - 2 scrolls of vulnerability {unknown}
 p - 2 scrolls of fog {unknown}
 q - a scroll of noise {unknown}
Potions
 d - a potion of might
 g - a potion of flight {unknown}
 j - 2 potions of resistance {unknown}
 m - a potion of heal wounds {unknown}
 r - a potion of degeneration {unknown}


   Skills:
 + Level 3.8 Fighting
 * Level 3.5 Maces & Flails
 + Level 3.7 Armour
 - Level 0.4 Dodging
 - Level 0.4 Stealth
 - Level 3.9 Shields


You had 3 spell levels left.
You didn't know any spells.
Your spell library contained the following spells:

 Spells                   Type           Power      Damage    Failure   Level
 Static Discharge         Conj/Air       0%         N/A       91%         2
 Lightning Bolt           Conj/Air       0%         1d11      100%        5
 Maxwell's Capacitive Co  Air            0%         ∞         100%        8


Dungeon Overview and Level Annotations

Branches:
Dungeon (3/15)

Altars:
Sif Muna


Innate Abilities, Weirdness & Mutations

You are immune to sickness and miasma.
Your stone body is resilient. (AC +3)
You are immune to poison.
You resist negative energy. (rN+)
You are resistant to electric shocks. (rElec)
You are resistant to unholy torment.
You are immune to petrification.


Message History

The orc priest barely misses you.
The orc wizard hits you but does no damage.
The orc hits you but does no damage.
The kobold shouts!
The orc priest looks satisfied for a moment.
The orc hits you with a +0 club. The orc attacks as you move away!
The orc hits you with a +0 club. The orc priest closely misses you.
You hit the orc priest.
You kill the orc priest!
The orc wizard hits you but does no damage.
The orc barely misses you.
The ball python bites you but does no damage.
The ball python grabs you. The ball python constricts you.
You closely miss the orc. The orc wizard casts a spell at you.
The puff of flame hits you but does no damage.
The orc hits you but does no damage.
The ball python bites you but does no damage.
The ball python constricts you.
Unknown command.
You're too confused to move!
You feel less confused.
The orc wizard gestures at you while chanting.
You are confused.
The orc hits you with a +0 club. The kobold hits you but does no damage.
The ball python bites you. The ball python constricts you.
You closely miss the orc wizard.
The ball python bites you but does no damage.
The ball python constricts you. The orc wizard completely misses you.
The orc hits you but does no damage. The kobold hits you with a +0 whip.
The ball python bites you but does no damage.
The ball python constricts you.
* * * LOW HITPOINT WARNING * * *
The orc hits you with a +0 club.
* * * LOW HITPOINT WARNING * * *
The kobold hits you but does no damage.
The orc wizard points at you and mumbles some strange words.
The magic dart hits you!
You die...

####.......#
...........#
...........#
...........###
.............
...$.......#
........###...##.....
.............#
###..####.###.# #.
#.# .. #.## ##


You could see an orc wizard, an orc, a ball python and a kobold.

Vanquished Creatures
  An orc priest (D:3)
  An adder (D:2)
  3 worms
  5 dart slugs
  8 bats
  2 endoplasms
  2 giant cockroaches (D:1)
  3 goblins
  5 hobgoblins
  7 kobolds
  A quokka (D:2)
  4 ball pythons
  4 frilled lizards
  6 rats
52 creatures vanquished.

Vanquished Creatures (others)
  4 plants (D:1)
4 creatures vanquished.

Grand Total: 56 creatures vanquished

Notes
Turn   | Place    | Note
-------+----------+-------------------------------------------
     0 | D:1      | KateM the Gargoyle Fighter began the quest for the Orb.
     0 | D:1      | Reached XP level 1. HP: 14/14 MP: 1/1
   188 | D:1      | Reached XP level 2. HP: 19/19 MP: 2/2
   346 | D:1      | Reached XP level 3. HP: 13/23 MP: 3/3
   672 | D:1      | Found a faded altar of an unknown god.
  1495 | D:2      | Found a shimmering blue altar of Sif Muna.
  1813 | D:2      | Reached XP level 4. HP: 29/29 MP: 4/4
  2168 | D:3      | Killed from afar by an orc wizard

Illustrated notes

Levels and vault maps discovered:
D:1:      mushboom_english_gardens, layout_basic,
          ebering_ecumenical_altar_ruins, serial_bayou_lake_a
D:2:      layout_basic, basic_altar
D:3:      layout_rooms

Skill      XL: |  1  2  3  4 |
---------------+-------------+-----
Maces & Flails | 3 |  3.5
Fighting       | |  3.8
Armour         | |  3.7
Dodging        | |  0.4
Stealth        | |  0.4
Shields        | |  3.9

Action                   |  1- 3 |  4- 6 || total
-------------------------+-------+-------++-------
Melee: Flail             |   156 |    34 ||   190
Armor: Scale mail        |   119 |    23 ||   142
Dodge: Dodged            |    86 |    18 ||   104
Block: Buckler           |    45 |     4 ||    49

Table legend: (Time is in decaauts)
 A = Elapsed time spent in this place.
 B = Non-inter-level travel time spent in this place.
 C = Inter-level travel time spent in this place.
 D = Time resting spent in this place.
 E = Time spent auto-exploring this place.
 F = Levels seen in this place.
 G = Mean time per level.
                   A        B        C        D        E       F      G
               +--------+--------+--------+--------+--------+-----+--------+
         Total |   2242 |   2242 |      0 |      0 |   1768 |   3 |  747.3 |
       Dungeon |   2242 |   2242 |      0 |      0 |   1768 |   3 |  747.3 |
               +--------+--------+--------+--------+--------+-----+--------+

Top non-repeatable levels by time:
     D:1: 1142 daAuts
     D:2: 893 daAuts
     D:3: 206 daAuts
